Workbook

Sheet Budget
A2: Club yearly budget
A3: Made by renuzy, dues done easy · renuzy.com
A4: Sample budget figures are filled in: replace them with yours. Type your year's actual income and spending on the Monthly tab.
A6: The year at a glance | B6: Budget | C6: Actual | D6: Difference | E6: % of budget
A7: Total income | B7: =B20 | C7: =C20 | D7: =C7-B7 | E7: =IF(B7=0,"",C7/B7)
A8: Total expenses | B8: =B33 | C8: =C33 | D8: =C8-B8 | E8: =IF(B8=0,"",C8/B8)
A9: Net (income less expenses) | B9: =B7-B8 | C9: =C7-C8 | D9: =C9-B9 | E9: =IF(B9=0,"",C9/B9)
A11: Income | B11: Budget | C11: Actual | D11: Difference | E11: % of budget
A12: Membership dues | B12: 4000 | C12: =Monthly!N12 | D12: =C12-B12 | E12: =IF(B12=0,"",C12/B12)
A13: Donations | B13: 800 | C13: =Monthly!N13 | D13: =C13-B13 | E13: =IF(B13=0,"",C13/B13)
A14: Events and tickets | B14: 1500 | C14: =Monthly!N14 | D14: =C14-B14 | E14: =IF(B14=0,"",C14/B14)
A15: Fundraising | B15: 600 | C15: =Monthly!N15 | D15: =C15-B15 | E15: =IF(B15=0,"",C15/B15)
A16: Sponsorships | B16: 500 | C16: =Monthly!N16 | D16: =C16-B16 | E16: =IF(B16=0,"",C16/B16)
A17: Grants | B17: 0 | C17: =Monthly!N17 | D17: =C17-B17 | E17: =IF(B17=0,"",C17/B17)
A18: Interest | B18: 20 | C18: =Monthly!N18 | D18: =C18-B18 | E18: =IF(B18=0,"",C18/B18)
A19: Other income | B19: 0 | C19: =Monthly!N19 | D19: =C19-B19 | E19: =IF(B19=0,"",C19/B19)
A20: Total income | B20: =SUM(B12:B19) | C20: =SUM(C12:C19) | D20: =SUM(D12:D19) | E20: =IF(B20=0,"",C20/B20)
A22: Expenses | B22: Budget | C22: Actual | D22: Difference | E22: % of budget
A23: Venue and meeting space | B23: 1200 | C23: =Monthly!N23 | D23: =C23-B23 | E23: =IF(B23=0,"",C23/B23)
A24: Events | B24: 1400 | C24: =Monthly!N24 | D24: =C24-B24 | E24: =IF(B24=0,"",C24/B24)
A25: Insurance | B25: 650 | C25: =Monthly!N25 | D25: =C25-B25 | E25: =IF(B25=0,"",C25/B25)
A26: Website, email and software | B26: 300 | C26: =Monthly!N26 | D26: =C26-B26 | E26: =IF(B26=0,"",C26/B26)
A27: Printing and postage | B27: 200 | C27: =Monthly!N27 | D27: =C27-B27 | E27: =IF(B27=0,"",C27/B27)
A28: Bank and payment fees | B28: 150 | C28: =Monthly!N28 | D28: =C28-B28 | E28: =IF(B28=0,"",C28/B28)
A29: Supplies | B29: 150 | C29: =Monthly!N29 | D29: =C29-B29 | E29: =IF(B29=0,"",C29/B29)
A30: Awards and gifts | B30: 200 | C30: =Monthly!N30 | D30: =C30-B30 | E30: =IF(B30=0,"",C30/B30)
A31: Filing and registration fees | B31: 50 | C31: =Monthly!N31 | D31: =C31-B31 | E31: =IF(B31=0,"",C31/B31)
A32: Other expenses | B32: 100 | C32: =Monthly!N32 | D32: =C32-B32 | E32: =IF(B32=0,"",C32/B32)
A33: Total expenses | B33: =SUM(B23:B32) | C33: =SUM(C23:C32) | D33: =SUM(D23:D32) | E33: =IF(B33=0,"",C33/B33)
A35: Looking after dues for a club? See how renuzy can help at renuzy.com

Sheet Monthly
A2: Monthly actuals
A3: Made by renuzy, dues done easy · renuzy.com
A4: Type what actually came in and went out each month, from your bank statement.
A6: First day of the club's financial year | B6: 46023
A11: Income | B11: =TEXT(EDATE($B$6,0),"mmm yy") | C11: =TEXT(EDATE($B$6,1),"mmm yy") | D11: =TEXT(EDATE($B$6,2),"mmm yy") | E11: =TEXT(EDATE($B$6,3),"mmm yy") | F11: =TEXT(EDATE($B$6,4),"mmm yy") | G11: =TEXT(EDATE($B$6,5),"mmm yy") | H11: =TEXT(EDATE($B$6,6),"mmm yy") | I11: =TEXT(EDATE($B$6,7),"mmm yy") | J11: =TEXT(EDATE($B$6,8),"mmm yy") | K11: =TEXT(EDATE($B$6,9),"mmm yy") | L11: =TEXT(EDATE($B$6,10),"mmm yy") | M11: =TEXT(EDATE($B$6,11),"mmm yy") | N11: Total
A12: =Budget!A12 | N12: =SUM(B12:M12)
A13: =Budget!A13 | N13: =SUM(B13:M13)
A14: =Budget!A14 | N14: =SUM(B14:M14)
A15: =Budget!A15 | N15: =SUM(B15:M15)
A16: =Budget!A16 | N16: =SUM(B16:M16)
A17: =Budget!A17 | N17: =SUM(B17:M17)
A18: =Budget!A18 | N18: =SUM(B18:M18)
A19: =Budget!A19 | N19: =SUM(B19:M19)
A20: Total income | B20: =SUM(B12:B19) | C20: =SUM(C12:C19) | D20: =SUM(D12:D19) | E20: =SUM(E12:E19) | F20: =SUM(F12:F19) | G20: =SUM(G12:G19) | H20: =SUM(H12:H19) | I20: =SUM(I12:I19) | ... N20: =SUM(N12:N19)
A22: Expenses | B22: =TEXT(EDATE($B$6,0),"mmm yy") | C22: =TEXT(EDATE($B$6,1),"mmm yy") | D22: =TEXT(EDATE($B$6,2),"mmm yy") | E22: =TEXT(EDATE($B$6,3),"mmm yy") | F22: =TEXT(EDATE($B$6,4),"mmm yy") | G22: =TEXT(EDATE($B$6,5),"mmm yy") | H22: =TEXT(EDATE($B$6,6),"mmm yy") | I22: =TEXT(EDATE($B$6,7),"mmm yy") | J22: =TEXT(EDATE($B$6,8),"mmm yy") | K22: =TEXT(EDATE($B$6,9),"mmm yy") | L22: =TEXT(EDATE($B$6,10),"mmm yy") | M22: =TEXT(EDATE($B$6,11),"mmm yy") | N22: Total
A23: =Budget!A23 | N23: =SUM(B23:M23)
A24: =Budget!A24 | N24: =SUM(B24:M24)
A25: =Budget!A25 | N25: =SUM(B25:M25)
A26: =Budget!A26 | N26: =SUM(B26:M26)
A27: =Budget!A27 | N27: =SUM(B27:M27)
A28: =Budget!A28 | N28: =SUM(B28:M28)
A29: =Budget!A29 | N29: =SUM(B29:M29)
A30: =Budget!A30 | N30: =SUM(B30:M30)
A31: =Budget!A31 | N31: =SUM(B31:M31)
A32: =Budget!A32 | N32: =SUM(B32:M32)
A33: Total expenses | B33: =SUM(B23:B32) | C33: =SUM(C23:C32) | D33: =SUM(D23:D32) | E33: =SUM(E23:E32) | F33: =SUM(F23:F32) | G33: =SUM(G23:G32) | H33: =SUM(H23:H32) | I33: =SUM(I23:I32) | ... N33: =SUM(N23:N32)
A35: Looking after dues for a club? See how renuzy can help at renuzy.com
